AoeStats
← NuMa | JuanMan

Nomad

509686245Analyzed
3v3 RM · 5d ago on Sep 27, 2026· 47m 27s· 6 players
Game mode
Random Map
Map size
210×210
Population
200
Speed
Normal
Resources
Standard
Victory
Conquest
Starting age
Dark Age
Ending age
Imperial Age
RankedLock teamsTeams togetherTeam positionsShared explorationLock speedFull tech treeHidden civsTurbo modeCheats
Victory
Defeat
🇩🇪 Saxons · Germany
1490
+13
🇩🇪 Koreans · Germany
1346
+19
🇩🇪 Huns · Germany
1294
+21
🇨🇴 Tupi · Colombia
1513
-23
🇨🇴 Jurchens · Colombia
1374
-16
🇨🇴 Berbers · Colombia
1333
-14
Fliewa
5:32 Loom
12:31 Feudal Age
12:59 Town Watch
15:13 Fletching
18:25 Gold Mining
21:10 Castle Age
18:56 Double-Bit Axe
21:37 Horse Collar
22:10 Bow Saw
26:56 Wheelbarrow
27:37 Fishing Lines
29:55 Squires
29:40 Arson
29:58 Scale Mail Armor
31:07 Forging
31:03 Stone Mining
31:29 Gillnets
32:42 Gambesons
33:17 Chain Mail Armor
33:38 Iron Casting
36:18 Bodkin Arrow
38:25 Hand Cart
40:00 Ballistics
39:51 Masonry
39:22 Treadmill Crane
40:05 Guard Tower
40:39 Treadmill Crane
44:04 Imperial Age
44:12 Elite Varangian Guard
45:03 Bracer
45:34 Plate Mail Armor
47:01 Chemistry
46:33 Architecture
DIV_Luminos
9:41 Loom
14:31 Feudal Age
16:20 Fishing Lines
18:53 Castle Age
17:06 Double-Bit Axe
22:43 Fletching
23:02 Gold Mining
23:03 Stone Mining
24:14 Bodkin Arrow
25:23 Medium Warships
29:20 Ballistics
34:22 Coinage
35:07 Gillnets
36:34 Horse Collar
41:16 Imperial Age
39:28 Wheelbarrow
40:57 Scale Mail Armor
41:07 Forging
41:04 Squires
40:50 Arson
43:05 Hand Cart
42:36 Town Watch
43:32 Pikeman
43:59 Elite Fire Lancer
46:39 Hand Cart
47:11 Chain Mail Armor
ListigerLurch
3:49 Loom
15:56 Feudal Age
17:14 Double-Bit Axe
17:12 Horse Collar
20:50 Castle Age
19:37 Bloodlines
21:15 Scale Barding Armor
21:22 Forging
22:05 Heavy Plow
22:56 Husbandry
25:41 Chain Barding Armor
26:52 Iron Casting
29:26 Fletching
31:01 Wheelbarrow
30:15 Town Watch
40:54 Imperial Age
40:26 Bodkin Arrow
40:58 Cavalier
42:25 Plate Barding Armor
43:39 Blast Furnace
43:39 Conscription
44:02 Paladin
Camo
5:02 Loom
14:31 Feudal Age
14:55 Fishing Lines
15:08 Double-Bit Axe
15:12 Town Watch
17:14 Gold Mining
18:44 Wheelbarrow
20:51 Castle Age
21:07 Fletching
22:44 Bow Saw
22:31 Gillnets
22:53 Scale Barding Armor
22:44 Bodkin Arrow
24:12 Bloodlines
25:19 Husbandry
26:23 Chain Barding Armor
30:36 Forging
30:48 Hand Cart
38:10 Imperial Age
37:15 Gold Shaft Mining
37:21 Gambesons
37:36 Squires
37:38 Scale Mail Armor
38:19 Ballistics
38:20 Masonry
39:01 Bracer
41:45 Chemistry
41:59 Chain Mail Armor
44:13 Conscription
45:30 Iron Casting
45:49 Plate Barding Armor
NuMa | JuanMan
4:53 Loom
13:40 Feudal Age
20:08 Castle Age
18:16 Double-Bit Axe
20:10 Fletching
22:27 Fishing Lines
23:10 Gillnets
29:53 Medium Warships
31:00 Padded Archer Armor
32:37 Bow Saw
35:45 Ballistics
38:34 Imperial Age
36:42 Masonry
36:59 Bodkin Arrow
38:28 Leather Archer Armor
39:44 Bracer
40:42 Ring Archer Armor
41:15 Chemistry
40:42 Bloodlines
40:32 Husbandry
41:50 Wheelbarrow
41:08 Gold Mining
41:09 Cavalier
43:07 Heavy Warships
44:16 Scale Barding Armor
44:22 Forging
43:34 Heavy Camel Rider
44:09 Horse Collar
44:47 Hand Cart
44:26 Elite Camel Archer
47:13 Chain Barding Armor
48:02 Iron Casting
Caminante Blanco
4:11 Loom
14:48 Feudal Age
15:33 Double-Bit Axe
18:26 Castle Age
16:22 Fletching
19:05 Bodkin Arrow
22:07 Ballistics
46:07 Imperial Age
46:46 Bracer
47:48 Chemistry
Connection lost

Rejoining the realm…

Still unreachable

The connection could not be restored.

Session expired

The server has moved on; the page needs a fresh start.